 Dungeon Crawl Stone Soup version 0.31.0-11-ge490571c62 (webtiles) character file.

Game seed: 11136334792185843031

117180 bearlyready the Geomancer (level 16, -18/126 HPs)
             Began as a Gnoll Air Elementalist on Feb 9, 2024.
             Was the Champion of Qazlal.
             Demolished by a five-headed hydra (20 damage)
             ... on level 3 of the Swamp on Feb 10, 2024.
             The game lasted 00:59:32 (30863 turns).

bearlyready the Geomancer (Gnoll Air Elementalist) Turns: 30863, Time: 00:59:33

Health: -18/126    AC: 17    Str:  9    XL:     16   Next: 73%
Magic:  32/32      EV: 24    Int: 20    God:    Qazlal [******]
Gold:   3056       SH: 17    Dex: 27    Spells: 20/40 levels left

rFire   . . .        a - +3 demon trident (elec)
rCold   + . .        z - +0 buckler {rC+}
rNeg    . . .        M - +3 robe "Jalar" {rElec Will++ Dex+4 Stlth-}
rPois   .            D - +1 helmet {Int+3}
rElec   +            K - +0 cloak
rCorr   .            c - +0 pair of gloves
SInv    +            W - +1 pair of boots
Will    +++..        F - amulet of regeneration
Stlth   +            Y - +6 ring of dexterity
HPRegen 1.21/turn    L - ring of see invisible
MPRegen 0.23/turn

%: repel missiles
@: protected from physical damage, hasted, studying Earth Magic, slow
A: fangs 1, strong nose, distributed training
a: Renounce Religion, Upheaval, Elemental Force, Disaster Area


You were on level 3 of the Swamp.
You worshipped Qazlal.
Qazlal was exalted by your worship.
You visited 5 branches of the dungeon, and saw 27 of its levels.
You also visited: Sewer, Ossuary, Gauntlet and Ice Cave.

You collected 3098 gold pieces.
You spent 42 gold pieces at shops.

Inventory:

Hand Weapons
 a - a +3 demon trident of electrocution (weapon)
 b - a +0 heavy hand cannon
 u - the +6 war axe "Zihigec" {venom, rN++}
   (You found it on level 10 of the Dungeon)

   rN++:      It greatly protects you from negative energy.
Missiles
 q - 2 throwing nets
 B - 27 boomerangs
 G - 13 javelins
 V - 23 poisoned darts
 X - 4 curare-tipped darts
Armour
 c - a +0 pair of gloves (worn)
 v - +0 swamp dragon scales
 z - a +0 buckler of cold resistance (worn)
 D - a +1 helmet of intelligence (worn)
 K - a +0 cloak (worn)
 M - the +3 robe "Jalar" (worn) {rElec Will++ Dex+4 Stlth-}
   (You took it off Sonja on level 1 of the Lair of Beasts)

   Dex+4:     It affects your dexterity (+4).
   rElec:     It insulates you from electricity.
   Will++:    It greatly increases your willpower.
   Stlth-:    It makes you less stealthy.
 T - +0 acid dragon scales
 W - a +1 pair of boots (worn)
Jewellery
 F - an amulet of regeneration (around neck)
 L - a ring of see invisible (right hand)
 Y - a +6 ring of dexterity (left hand)
Talismans
 E - a beast talisman
Wands
 d - a wand of mindburst (10)
 k - a wand of polymorph (4)
 O - a wand of charming (22)
 P - a wand of flame (13)
Scrolls
 f - 5 scrolls of butterflies
 h - 5 scrolls of enchant weapon
 i - 5 scrolls of fog
 n - 2 scrolls of brand weapon
 p - a scroll of identify
 r - 2 scrolls of enchant armour
 x - 5 scrolls of teleportation
 y - 6 scrolls of amnesia
 I - a scroll of revelation
 S - 4 scrolls of immolation
Potions
 e - 7 potions of brilliance
 g - 2 potions of heal wounds
 j - a potion of resistance
 l - 6 potions of lignification
 m - 6 potions of haste
 o - 5 potions of curing
 s - 6 potions of attraction
 t - a potion of might
 w - 2 potions of cancellation
 A - 2 potions of invisibility
 C - 4 potions of magic
 J - 11 potions of ambrosia
 Q - 3 potions of mutation
 R - 4 potions of enlightenment {unknown}
Miscellaneous
 H - a phial of floods
 N - a phantom mirror
 U - a sack of spiders
 Z - a condenser vane


   Skills:
 + Level 11.5 Fighting
 + Level 11.5 Short Blades
 + Level 11.5 Long Blades
 + Level 11.5 Axes
 + Level 11.5 Maces & Flails
 + Level 11.5 Polearms
 + Level 11.5 Staves
 + Level 11.5 Ranged Weapons
 + Level 11.5 Throwing
 + Level 11.5 Armour
 + Level 12.3 Dodging
 + Level 12.2 Stealth
 + Level 11.5 Shields
 + Level 11.5 Unarmed Combat
 + Level 12.5 Spellcasting
 + Level 10.0 Conjurations
 + Level 9.7 Hexes
 + Level 9.7 Summonings
 + Level 9.7 Necromancy
 + Level 9.7 Translocations
 + Level 9.7 Fire Magic
 + Level 9.7 Ice Magic
 + Level 11.1 Air Magic
 + Level 13.5 Earth Magic
 + Level 9.7 Alchemy
 + Level 12.5 Invocations
 + Level 11.5 Evocations
 + Level 10.6 Shapeshifting


You had 20 spell levels left.
You knew the following spells:

 Your Spells              Type           Power      Damage    Failure   Level
a - Shock                 Conj/Air       100%       1d9       1%          1
b - Swiftness             Air            55%        N/A       1%          3
c - Airstrike             Air            27%        2d(4-20)  1%          4
d - Blink                 Tloc           100%       N/A       1%          2
e - Call Imp              Summ           100%       N/A       1%          2
f - Ozocubu's Armour      Ice            51%        N/A       1%          3
g - Fireball              Conj/Fire      25%        3d11      3%          5

Your spell library contained the following spells:

 Spells                   Type           Power      Damage    Failure   Level
 Foxfire                  Conj/Fire      100%       2x1d9     1%          1
 Magic Dart               Conj           100%       1d8       1%          1
 Slow                     Hex            100%       N/A       1%          1
 Summon Small Mammal      Summ           100%       N/A       1%          1
 Ensorcelled Hibernation  Hex/Ice        100%       N/A       1%          2
 Jinxbite                 Hex            100%       N/A       1%          2
 Lesser Beckoning         Tloc           100%       N/A       1%          2
 Static Discharge         Conj/Air       100%       3-8/arc   1%          2
 Call Canine Familiar     Summ           51%        N/A       1%          3
 Gell's Gravitas          Tloc           51%        N/A       1%          3
 Hailstorm                Conj/Ice       51%        3d10      1%          3
 Inner Flame              Hex/Fire       51%        N/A       1%          3
 Passwall                 Erth           61%        N/A       1%          3
 Summon Ice Beast         Ice/Summ       51%        N/A       1%          3
 Teleport Other           Tloc           51%        N/A       1%          3
 Tukima's Dance           Hex            51%        N/A       1%          3
 Dimensional Bullseye     Hex/Tloc       25%        N/A       1%          4
 Iskenderun's Mystic Bla  Conj/Tloc      51%        2d11      1%          4
 Leda's Liquefaction      Alch/Erth      28%        N/A       1%          4
 Summon Blazeheart Golem  Fire/Summ      51%        N/A       1%          4
 Summon Lightning Spire   Summ/Air       53%        N/A       1%          4
 Lee's Rapid Deconstruct  Erth           30%        3d16*     1%          5
 Alistair's Intoxication  Alch           34%        N/A       3%          5
 Metabolic Englaciation   Hex/Ice        25%        N/A       3%          5
 Summon Mana Viper        Hex/Summ       51%        N/A       3%          5
 Bombard                  Conj/Erth      28%        9d5       9%          6
 Eringya's Noxious Bog    Alch           25%        4d6       19%         6
 Sculpt Simulacrum        Ice/Alch       25%        N/A       19%         6
 Monstrous Menagerie      Summ           25%        N/A       71%         7
 Summon Hydra             Summ           25%        N/A       71%         7
 Polar Vortex             Ice            25%        12d3*     100%        9


Dungeon Overview and Level Annotations

Branches:
Dungeon (15/15)            Temple (1/1) D:4            Lair (5/5) D:10
  Swamp (4/4) Lair:2        Snake (0/4) Lair:2        Slime (0/5) Lair:4
    Orc (2/2) D:11            Elf (0/3) Orc:2        Vaults (0/5) D:14
  Sewer (visited)         Ossuary (visited)           IceCv (visited)
Gauntlet (visited)
 Depths: D:15

Altars:
Ashenzari
Cheibriados
Dithmenos
Elyvilon
Fedhas
Gozag
Hepliaklqana
Kikubaaqudgha
Makhleb
Nemelex Xobeh
Okawaru
Qazlal
Ru
Sif Muna
Trog
Uskayaw
Vehumet
Wu Jian
Xom
Yredelemnul
Zin
The Shining One
Jiyva

Shops:
D:11 =   D:13 [   Orc:2 !:(([:

Portals:
Trove: D:11 (give 20 potions of curing)

Annotations:
Lair:5 exclusion: obsidian statue


Innate Abilities, Weirdness & Mutations

You have very sharp teeth.
Your uncanny sense of smell can sniff out nearby items.
Your experience applies equally to all skills.


Message History

The spriggan druid is engulfed in freezing vapours.
You block the spriggan druid's attack.
You block the +2 spectral quarterstaff's attack.
The alligator barely misses you. The alligator bites you!
* * * LOW HITPOINT WARNING * * *
You feel more protected from physical attacks.
The alligator drags you backwards!
A +2 spectral quarterstaff comes into view.
You enter the shallow water.
Moving in this stuff is going to be slow.
The spriggan druid is engulfed in freezing vapours.
With its final breath, the spriggan druid offers up its power to the beasts of the wild!
The alligator seems to grow more fierce. x2
The five-headed hydra seems to grow more fierce.
You kill the spriggan druid!
Qazlal accepts your kill.
You hear a splash. x2
The forest abruptly stops moving.
The +2 spectral quarterstaff disappears.
The alligator is engulfed in freezing vapours.
The alligator attacks as it pursues you!
The alligator misses you. x2
The five-headed hydra attacks as it pursues you!
The five-headed hydra closely misses you. x2
You block the five-headed hydra's attack.
The five-headed hydra completely misses you.
You block the five-headed hydra's attack.
The alligator attacks as it pursues you!
The alligator misses you. x2; The alligator tail-slaps you.
* * * LOW HITPOINT WARNING * * *
The alligator bites you but does no damage.
The five-headed hydra bites you!!
* * * LOW HITPOINT WARNING * * *
The five-headed hydra bites you but does no damage.
The five-headed hydra bites you!
* * * LOW HITPOINT WARNING * * *
You feel more protected from physical attacks.
The five-headed hydra completely misses you.
The five-headed hydra bites you!!
You die...

♣♣♣♣♣♣♣♣♣ ♣♣♣♣♣♣♣♣♣♣♣♣♣♣♣~♣♣~..~♣
♣♣♣ ......♣♣...~..§l@.~~~.♣ ♣~♣♣
~~~~~~..~~..~~☼Dl○.~~~♣ ♣~.~
~~~~~§~....~°~~~°>~♣♣♣♣♣♣♣♣ ♣♣♣~
~~~~~~....~~~..~~.♣♣♣..~..♣♣♣♣♣~.
.~~~~~..~~~~~)§~~♣♣.~~~~~~.♣♣..~~
♣..~~~..~~~~~~~♣♣♣♣.~~~~~~~♣♣)~.~
♣♣~...~♣~~~~§~°♣♣~..~~~~~~.~.....
♣♣♣.~.♣♣♣~.~~~.....~..~~~.~♣♣♣...
♣♣♣..~♣♣♣..~~~.~~~~§~~..~...♣♣♣♣.


You could see a five-headed hydra (strong) and 2 alligators.

Vanquished Creatures
  4 dire elephants (Lair:5)
  3 bunyips (Swamp:2)
  Azrael (Orc:1)
  A minotaur (Gauntlet)
  A fire dragon (D:14)
  The ghost of boberto the Cleaver, a journeyman DgSh (D:11)
  A rakshasa (D:15)
  An ogre mage (D:15)
  3 vault guards (D:14)
  An alligator (Swamp:3)
  A ghost crab (Swamp:2)
  6 hydras
  A catoblepas (Lair:1)
  A centaur warrior (D:14)
  9 two-headed ogres
  3 boulder beetles
  12 death yaks
  3 occultists (D:15)
  Urug (D:12)
  Nergalle (Lair:3)
  3 orc high priests (Orc:2)
  Sonja (Lair:1)
  A spectral death yak (Lair:5)
  3 skeletal warriors (D:13)
  A skyshark (Lair:2)
  A bog body (Swamp:1)
  Lodul (D:12)
  3 swamp dragons
  4 spriggan druids
  2 goliath frogs
  A spectral anaconda (Lair:5)
  2 arcanists
  5 orc knights
  2 deep elf pyromancers
  5 necromancers
  A cyclops (D:14)
  5 orc sorcerers
  2 manticores
  10 ugly things
  A worldbinder (Gauntlet)
  A will-o-the-wisp (Swamp:2)
  11 elephants
  3 meliai (D:14)
  5 kobold blastminers
  A dire elephant zombie (Lair:5)
  5 black mambas
  A centaur zombie (D:15)
  A gargoyle (D:11)
  An ice statue (IceCv)
  An unseen horror (D:13)
  7 rime drakes
  12 cane toads
  2 centaur skeletons (D:15)
  Jeremiah (D:9)
  A dire elephant skeleton (Lair:5)
  An ice devil (Gauntlet)
  12 komodo dragons
  A queen bee (Lair:1)
  2 bloated husks
  6 trolls
  5 tyrant leeches
  4 hornets (Swamp:3)
  10 polar bears
  17 blink frogs
  Sigmund (D:5)
  12 slime creatures
  A vampire (D:11)
  A shadow (D:11)
  6 wyverns
  7 spriggans
  44 yaks
  Eustachio (D:6)
  2 wraiths (D:10)
  4 basilisks
  19 humans (D:14)
  A steam dragon (shapeshifter) (D:13)
  2 vampire mosquitoes (Swamp:2)
  4 wargs
  A spectral cane toad (Lair:5)
  13 swamp worms
  4 hell hounds
  3 nagas (Lair:2)
  2 acid dragons
  15 water moccasins
  Pargi (Sewer)
  20 orc warriors
  2 sky beasts
  2 black bears
  18 ogres
  19 wolves
  A phantom (D:5)
  6 centaurs
  A boggart (Gauntlet)
  2 kobold brigands
  4 elf zombies (Ossuary)
  2 brain worms (Sewer)
  Blork the orc (D:6)
  2 gnoll sergeants
  9 bullfrogs
  2 scorpions
  3 cane toad simulacra (Lair:5)
  4 wights (D:7)
  22 killer bees
  2 elephant simulacra (Lair:5)
  6 howler monkeys
  2 bombardier beetles (D:5)
  An electric eel (Lair:2)
  3 human zombies (Ossuary)
  2 gnoll boudas
  4 hounds
  18 orc priests
  A jelly (D:5)
  3 sleepcaps
  A spectral scorpion (Ossuary)
  Jessica (D:2)
  A boggart zombie (D:15)
  3 iguanas
  26 orc wizards
  Ijyb (D:4)
  2 crocodile zombies (Ossuary)
  2 spectral hounds (Ossuary)
  3 mummies (Ossuary)
  9 adders
  16 gnolls
  3 hound simulacra (Ossuary)
  2 river rats (D:5)
  4 white imps (Gauntlet)
  5 ufetubi
  5 spectral adders (Ossuary)
  3 ribbon worms
  2 spectral gnolls (Ossuary)
  3 dart slugs
  2 adder simulacra (Ossuary)
  65 orcs
  20 ball pythons
  5 endoplasms
  2 giant cockroaches
  14 hobgoblins
  4 jackals
  21 kobolds
  7 quokkas
  7 bats
  10 frilled lizards
  A gnoll simulacrum (Ossuary)
  5 gnoll zombies (Ossuary)
  2 goblins (D:4)
  2 jackal simulacra (Ossuary)
  4 kobold zombies (Ossuary)
  7 orc zombies (Ossuary)
  13 rats
  2 spectral jackals (Ossuary)
811 creatures vanquished.

Vanquished Creatures (collateral kills)
  A polar bear (IceCv)
  A slime creature (D:13)
  2 yaks (IceCv)
  A wolf (IceCv)
  2 killer bees (Lair:1)
7 creatures vanquished.

Vanquished Creatures (others)
  An occultist (D:15)
  2 bloated husks (Swamp:1)
  A hornet (Swamp:3)
  2 swamp worms (Swamp:2)
  2 orc wizards
  A kobold (D:4)
  11 foxfires
20 creatures vanquished.

Grand Total: 838 creatures vanquished

Notes
Turn   | Place    | Note
-------+----------+-------------------------------------------
     0 | D:1      | bearlyready the Gnoll Air Elementalist began the quest for
                  | the Orb.
     0 | D:1      | Reached XP level 1. HP: 13/13 MP: 6/6
   216 | D:1      | Reached XP level 2. HP: 19/19 MP: 7/7
   573 | D:1      | Reached skill level 5 in Spellcasting
   573 | D:1      | Reached XP level 3. HP: 25/25 MP: 5/9
  1156 | D:2      | Reached skill level 1 in Invocations
  1467 | D:2      | Noticed Jessica
  1474 | D:2      | Killed Jessica
  1475 | D:2      | Reached skill level 1 in Fighting
  1475 | D:2      | Reached skill level 1 in Short Blades
  1475 | D:2      | Reached skill level 1 in Long Blades
  1475 | D:2      | Reached skill level 1 in Axes
  1475 | D:2      | Reached skill level 1 in Maces & Flails
  1475 | D:2      | Reached skill level 1 in Polearms
  1475 | D:2      | Reached skill level 1 in Staves
  1475 | D:2      | Reached skill level 1 in Ranged Weapons
  1475 | D:2      | Reached skill level 1 in Throwing
  1475 | D:2      | Reached skill level 1 in Armour
  1475 | D:2      | Reached skill level 1 in Shields
  1475 | D:2      | Reached skill level 1 in Unarmed Combat
  1475 | D:2      | Reached skill level 1 in Evocations
  1475 | D:2      | Reached skill level 1 in Shapeshifting
  1475 | D:2      | Reached XP level 4. HP: 11/32 MP: 6/11
  1641 | D:2      | Learned a level 3 spell: Swiftness
  1646 | D:2      | Learned a level 4 spell: Airstrike
  1708 | D:2      | Reached skill level 1 in Hexes
  1708 | D:2      | Reached skill level 1 in Summonings
  1708 | D:2      | Reached skill level 1 in Necromancy
  1708 | D:2      | Reached skill level 1 in Translocations
  1708 | D:2      | Reached skill level 1 in Fire Magic
  1708 | D:2      | Reached skill level 1 in Ice Magic
  1708 | D:2      | Reached skill level 1 in Earth Magic
  1708 | D:2      | Reached skill level 1 in Alchemy
  2134 | D:3      | Found a glowing golden altar of the Shining One.
  2135 | D:3      | Found a shimmering blue altar of Sif Muna.
  2136 | D:3      | Found a sparkling altar of Nemelex Xobeh.
  2136 | D:3      | Found a shimmering altar of Xom.
  2796 | D:3      | Reached XP level 5. HP: 22/37 MP: 6/12
  2868 | D:4      | Learned a level 2 spell: Blink
  2913 | D:4      | Identified the +3 leather armour of Dioss {rF- rN+ Int+4}
  3056 | D:4      | Found an ancient bone altar of Kikubaaqudgha.
  3116 | D:4      | Noticed Ijyb
  3119 | D:4      | Killed Ijyb
  3125 | D:4      | Reached skill level 2 in Earth Magic
  3125 | D:4      | Reached XP level 6. HP: 9/44 MP: 0/14
  3180 | D:4      | Reached skill level 5 in Dodging
  3362 | D:4      | Found a sand-covered staircase.
  3367 | Ossuary  | Entered an ossuary
  3499 | Ossuary  | Reached XP level 7. HP: 26/51 MP: 12/15
  3566 | Ossuary  | HP: 2/51 [crocodile zombie (9)]
  3787 | Ossuary  | Reached skill level 5 in Stealth
  3787 | Ossuary  | Reached skill level 3 in Earth Magic
  4022 | Ossuary  | Reached XP level 8. HP: 58/58 MP: 16/16
  4416 | D:4      | Found a staircase to the Ecumenical Temple.
  4428 | Temple   | Entered the Ecumenical Temple
  4468 | Temple   | Became a worshipper of Qazlal Stormbringer
  4651 | D:5      | Entered Level 5 of the Dungeon
  4833 | D:5      | Found a glowing drain.
  4882 | Sewer    | Entered a sewer
  5275 | Sewer    | Learned a level 2 spell: Call Imp
  5305 | Sewer    | Noticed Pargi
  5312 | Sewer    | Killed Pargi
  5313 | Sewer    | Reached skill level 4 in Earth Magic
  5512 | D:5      | Reached * piety under Qazlal
  5690 | D:5      | Noticed Sigmund
  5704 | D:5      | Killed Sigmund
  5708 | D:5      | Reached XP level 9. HP: 41/65 MP: 16/18
  6466 | D:6      | Reached skill level 5 in Earth Magic
  6512 | D:6      | Noticed Eustachio
  6520 | D:6      | Killed Eustachio
  6828 | D:6      | Reached skill level 5 in Invocations
  6894 | D:6      | Noticed Blork the orc
  6897 | D:6      | Killed Blork the orc
  7260 | D:7      | Reached ** piety under Qazlal
  7522 | D:7      | Reached skill level 5 in Fighting
  7522 | D:7      | Reached skill level 5 in Short Blades
  7522 | D:7      | Reached skill level 5 in Long Blades
  7522 | D:7      | Reached skill level 5 in Axes
  7522 | D:7      | Reached skill level 5 in Maces & Flails
  7522 | D:7      | Reached skill level 5 in Polearms
  7522 | D:7      | Reached skill level 5 in Staves
  7522 | D:7      | Reached skill level 5 in Ranged Weapons
  7522 | D:7      | Reached skill level 5 in Throwing
  7522 | D:7      | Reached skill level 5 in Armour
  7522 | D:7      | Reached skill level 5 in Shields
  7522 | D:7      | Reached skill level 5 in Unarmed Combat
  7522 | D:7      | Reached skill level 5 in Evocations
  7522 | D:7      | Reached XP level 10. HP: 62/74 MP: 1/20
  7594 | D:7      | Reached skill level 6 in Earth Magic
  8978 | D:8      | Found an ornate altar of the Wu Jian Council.
  8982 | D:8      | Found an iron altar of Okawaru.
  8987 | D:8      | Found a hazy altar of Hepliaklqana.
  9320 | D:9      | Reached skill level 5 in Conjurations
  9468 | D:9      | Identified the +6 scale mail "Heapeteo" {Will+ rCorr}
  9691 | D:9      | Got the Guidebook on Gelid Calefaction
  9709 | D:9      | Reached skill level 5 in Shapeshifting
 10278 | D:9      | Noticed Jeremiah
 10281 | D:9      | Killed Jeremiah
 10290 | D:9      | Reached *** piety under Qazlal
 10301 | D:9      | Reached skill level 7 in Earth Magic
 10377 | D:9      | Found a burning altar of Makhleb.
 10621 | D:10     | Entered Level 10 of the Dungeon
 10752 | D:10     | Identified the +1 rapier "Pygiotum" {protect, rPois}
 10875 | D:10     | Reached skill level 5 in Hexes
 10875 | D:10     | Reached skill level 5 in Summonings
 10875 | D:10     | Reached skill level 5 in Necromancy
 10875 | D:10     | Reached skill level 5 in Translocations
 10875 | D:10     | Reached skill level 5 in Fire Magic
 10875 | D:10     | Reached skill level 5 in Ice Magic
 10875 | D:10     | Reached skill level 5 in Alchemy
 10877 | D:10     | Identified the +6 war axe "Zihigec" {venom, rN++}
 10989 | D:10     | Reached XP level 11. HP: 78/81 MP: 22/22
 11363 | D:10     | Found a staircase to the Lair.
 11580 | D:10     | Found a radiant altar of Vehumet.
 11839 | D:11     | Found a runed translucent door.
 11903 | D:11     | Noticed boberto's ghost (journeyman DgSh)
 11918 | D:11     | Noticed a two-headed ogre
 11925 | D:11     | Killed a two-headed ogre
 12184 | D:11     | Found Vohan's Jewellery Shoppe.
 12634 | D:11     | Noticed a boulder beetle
 12653 | D:11     | Killed a boulder beetle
 12816 | D:11     | Reached **** piety under Qazlal
 13067 | D:11     | Found a portal to a secret trove of treasure.
 13374 | D:11     | Found a staircase to the Orcish Mines.
 13443 | D:12     | Found a shimmering altar of Xom.
 13444 | D:12     | Noticed a cyan ugly thing
 13456 | D:12     | Killed a cyan ugly thing
 13457 | D:12     | Reached skill level 8 in Earth Magic
 13459 | D:12     | Noticed a deep elf pyromancer
 13580 | D:12     | Noticed Lodul
 13822 | D:12     | Found a frozen archway.
 13822 | D:12     | Noticed a two-headed ogre
 13841 | D:12     | Killed a two-headed ogre
 13865 | IceCv    | Entered an ice cave
 14266 | IceCv    | Reached XP level 12. HP: 58/91 MP: 14/24
 14566 | IceCv    | Noticed a death yak
 14568 | IceCv    | Noticed a death yak
 14589 | IceCv    | Killed a death yak
 14600 | IceCv    | Killed a death yak
 14753 | IceCv    | Reached skill level 9 in Earth Magic
 14882 | IceCv    | Noticed a death yak
 14890 | IceCv    | Killed a death yak
 15165 | IceCv    | Noticed a death yak
 15178 | IceCv    | Noticed an ironbound frostheart
 15182 | IceCv    | Killed a death yak
 15626 | D:12     | Killed Lodul
 15873 | Lair:1   | Entered Level 1 of the Lair of Beasts
 15895 | Lair:1   | Reached ***** piety under Qazlal
 15910 | Lair:1   | Noticed a catoblepas
 15930 | Lair:1   | Killed a catoblepas
 15931 | Lair:1   | Reached XP level 13. HP: 32/98 MP: 13/26
 16538 | Lair:1   | Reached skill level 10 in Earth Magic
 16548 | Lair:1   | Found a dark tunnel.
 16641 | Lair:1   | Learned a level 3 spell: Ozocubu's Armour
 16740 | Lair:1   | Identified the +3 robe "Jalar" {rElec Will++ Dex+4 Stlth-}
 16740 | Lair:1   | Noticed Sonja
 16754 | Lair:1   | Killed Sonja
 16783 | Lair:1   | Reached skill level 10 in Spellcasting
 17915 | Lair:2   | Reached skill level 10 in Dodging
 18531 | Lair:2   | Reached skill level 10 in Stealth
 18645 | Lair:2   | Found a staircase to the Swamp.
 19132 | Lair:2   | Found a staircase to the Snake Pit.
 19523 | Lair:3   | Noticed Nergalle
 19531 | Lair:3   | Killed Nergalle
 19532 | Lair:3   | Reached skill level 10 in Invocations
 19532 | Lair:3   | Reached XP level 14. HP: 82/108 MP: 20/28
 19826 | Lair:3   | Identified the +8 morningstar of Action {protect, ^Drain
                  | rPois Dex+6}
 20028 | Lair:4   | Reached ****** piety under Qazlal
 20045 | Lair:4   | Found a gate leading to a gauntlet.
 20063 | Gauntlet | Entered a Gauntlet
 20063 | Gauntlet | Found a transporter.
 20063 | Gauntlet | Found a transporter.
 20229 | Gauntlet | Found a transporter.
 20233 | Gauntlet | Found a transporter.
 20245 | Gauntlet | Found a transporter.
 20245 | Gauntlet | Found a transporter.
 20253 | Gauntlet | Found a transporter.
 20267 | Gauntlet | Found a runed translucent door.
 20269 | Gauntlet | Found a transporter.
 20271 | Gauntlet | Found a runed translucent door.
 20283 | Gauntlet | Found a transporter.
 20287 | Gauntlet | Found a transporter.
 20295 | Gauntlet | Found a transporter.
 20299 | Gauntlet | Found a transporter.
 20456 | Gauntlet | Identified the +0 pair of gloves of Unemnogu {Rampage rElec
                  | Str-5 Int-2}
 20462 | Gauntlet | Found a runed translucent door.
 20616 | Gauntlet | Identified the staff of Responsibility {rElec rPois Will+
                  | Int-5 Earth}
 20800 | Gauntlet | Got the Opusculum on the Cooperative Alembic
 20823 | Gauntlet | Identified the +2 robe of Salurch {Dex+4}
 20824 | Gauntlet | Got Sif Muna's Excursus on the Jinx
 20843 | Lair:4   | Reached skill level 11 in Earth Magic
 21852 | Lair:4   | Found a viscous altar of Jiyva.
 21852 | Lair:4   | Found a staircase to the Slime Pits.
 22075 | Lair:5   | Entered Level 5 of the Lair of Beasts
 22536 | Lair:5   | Noticed a dire elephant
 22536 | Lair:5   | Noticed a dire elephant
 22536 | Lair:5   | Noticed a dire elephant
 22544 | Lair:5   | Noticed a dire elephant
 22551 | Lair:5   | Reached skill level 10 in Air Magic
 22564 | Lair:5   | Killed a dire elephant
 22726 | Lair:5   | Reached skill level 10 in Fighting
 22726 | Lair:5   | Reached skill level 10 in Short Blades
 22726 | Lair:5   | Reached skill level 10 in Long Blades
 22726 | Lair:5   | Reached skill level 10 in Axes
 22726 | Lair:5   | Reached skill level 10 in Maces & Flails
 22726 | Lair:5   | Reached skill level 10 in Polearms
 22726 | Lair:5   | Reached skill level 10 in Staves
 22726 | Lair:5   | Reached skill level 10 in Ranged Weapons
 22726 | Lair:5   | Reached skill level 10 in Throwing
 22726 | Lair:5   | Reached skill level 10 in Armour
 22726 | Lair:5   | Reached skill level 10 in Shields
 22726 | Lair:5   | Reached skill level 10 in Unarmed Combat
 22726 | Lair:5   | Reached skill level 10 in Evocations
 22756 | Lair:5   | Killed a dire elephant
 22765 | Lair:5   | Killed a dire elephant
 22771 | Lair:5   | Killed a dire elephant
 22772 | Lair:5   | Reached XP level 15. HP: 58/115 MP: 13/30
 23558 | Lair:5   | Reached skill level 12 in Earth Magic
 23974 | D:11     | Killed boberto's ghost
 24041 | D:12     | Noticed Urug
 24045 | D:12     | Killed Urug
 24795 | D:13     | Found Ybacs's Antique Armour Emporium.
 25987 | D:14     | Identified the +7 rapier of Nefiulox {vamp, *Noise rC+++
                  | Will+ Str+2}
 26167 | D:14     | Found a gate to the Vaults.
 26456 | D:15     | Entered Level 15 of the Dungeon
 26491 | D:15     | Reached skill level 10 in Shapeshifting
 26535 | D:15     | Reached XP level 16. HP: 29/124 MP: 30/32
 26856 | Swamp:1  | Entered Level 1 of the Swamp
 26985 | Orc:1    | Entered Level 1 of the Orcish Mines
 27452 | Orc:2    | Entered Level 2 of the Orcish Mines
 27473 | Orc:2    | Noticed Azrael
 27631 | Orc:1    | Killed Azrael
 27642 | Orc:2    | Reached skill level 13 in Earth Magic
 27680 | Orc:2    | Found a staircase to the Elven Halls.
 27738 | Orc:2    | Found Fuduxt's Self-Improvement Boutique.
 27897 | Orc:2    | Found Xixaj's Distillery.
 27918 | Orc:2    | Bought a potion of curing for 42 gold pieces
 28361 | Orc:2    | Found Memikka's Armour Boutique.
 28361 | Orc:2    | Found Eczan's Book Boutique.
 28378 | Orc:2    | Found Ycrergha's Antique Weapon Shoppe.
 28378 | Orc:2    | Found Kubaeghoist's Weapon Shoppe.
 28895 | Swamp:1  | Noticed a fenstrider witch
 29058 | Swamp:2  | Learned a level 5 spell: Fireball
 30535 | Swamp:3  | Reached skill level 10 in Conjurations
 30851 | Swamp:4  | Entered Level 4 of the Swamp
 30855 | Swamp:4  | Noticed a fenstrider witch
 30863 | Swamp:3  | HP: 2/126 [five-headed hydra (13)]
 30863 | Swamp:3  | Demolished by a five-headed hydra

Illustrated notes

Levels and vault maps discovered:
D:1:      dpeg_arrival_pond, layout_basic, minmay_vboxes
D:2:      layout_loops_ring, uniq_jessica
D:3:      minmay_chambers_of_twos, layout_loops_cross,
          mainiacjoe_overflow_alcove_3
D:4:      layout_loops_ring, lemuel_tele_altar, minmay_temple_entry_overgrown,
          enter_ossuary_2, minmay_snake_closets, uniq_ijyb
D:5:      layout_loops_cross, portal_sewer_entry_b, hangedman_decor_riveting,
          st_stairs_10, uniq_sigmund
D:6:      layout_rooms, uniq_eustachio, uniq_blork_the_orc
D:7:      layout_basic, minmay_starry_boxes
D:8:      layout_basic, grunt_temple_overflow_open
D:9:      layout_roguey, kennysheep_mini_moat, uniq_jeremiah
D:10:     layout_roguey, vehumet_crystals, erik_lair_orcish_takeover
D:11:     layout_roguey, david_orc_4, ebering_ghost_reflecting_pool,
          nicolae_trove_entry_columns, serial_shops,
          nicolae_shop_real_fake_doors
D:12:     layout_roguey, serial_curves, eino_curves_02, eino_curves_03,
          portal_ice_cave_entry_pillars_1, xom_teletrap_fun, uniq_lodul,
          uniq_urug
D:13:     layout_layer_cave, serial_shops, shop
D:14:     layout_cave_pools, grunt_vaults_entry_tiered
D:15:     grunt_enter_depths_magical_seal, layout_basic, minivault_14,
          serial_shops, shop, small_statue_alley_a, uniq_nessos
Temple:   nicolae_temple_hex_pool
Lair:1:   layout_roguey [special_room_bee], lightli_volcano_entry_magma_tube,
          uniq_sonja
Lair:2:   layout_regular_city, palyth_hydra_swamp_entry,
          nicolae_snake_entry_squirm, chequers_serial_rivers_room_b,
          grunt_megastairs_3, infiniplex_staircase_pool, lemuel_fruit_tree
Lair:3:   layout_misc_corridors, uniq_nergalle
Lair:4:   layout_regular_city, dpeg_slime_entry_corner, gauntlet_entry_generic,
          grunt_megastairs_2
Lair:5:   due_jungle_book, layout_gridlike, nzn_sisyphean_effort
Swamp:1:  layout_basic_swamp, evilmike_swamp_ruin_rubble_1, uniq_louise
Swamp:2:  layout_basic_swamp, wheals_swamp_sinkhole
Swamp:3:  layout_basic_swamp, evilmike_swamp_ruin_house_1
Swamp:4:  byrel_swamp_growth_death_and_undeath, layout_basic_swamp,
          nicolae_swamp_long_stream, uniq_mara
Orc:1:    layout_diamond_mine, special_room [special_room_orc]
Orc:2:    st_orc_elflike, layout_diamond_mine, serial_shops, shop,
          nicolae_shop_self_help, uniq_azrael

Skill      XL: |  1  2  3  4  5  6  7  8  9 10 11 12 13 14 15 16 |
---------------+-------------------------------------------------+-----
Conjurations   | 2 3 4 5 6 7 8 9 10 | 10.0
Spellcasting   | 5 6 7 8 9 10 11 12 | 12.5
Invocations    | 1 2 3 4 5 6 7 8 10 11 12 | 12.5
Fighting       | 1 2 3 5 6 7 8 9 10 11 | 11.5
Short Blades   | 1 2 3 5 6 7 8 9 10 11 | 11.5
Long Blades    | 1 2 3 5 6 7 8 9 10 11 | 11.5
Axes           | 1 2 3 5 6 7 8 9 10 11 | 11.5
Maces & Flails | 1 2 3 5 6 7 8 9 10 11 | 11.5
Polearms       | 1 2 3 5 6 7 8 9 10 11 | 11.5
Staves         | 1 2 3 5 6 7 8 9 10 11 | 11.5
Ranged Weapons | 1 2 3 5 6 7 8 9 10 11 | 11.5
Throwing       | 1 2 3 5 6 7 8 9 10 11 | 11.5
Armour         | 1 2 3 5 6 7 8 9 10 11 | 11.5
Shields        | 1 2 3 5 6 7 8 9 10 11 | 11.5
Unarmed Combat | 1 2 3 5 6 7 8 9 10 11 | 11.5
Evocations     | 1 2 3 5 6 7 8 9 10 11 | 11.5
Shapeshifting  | 1 2 3 4 5 6 7 8 9 10 | 10.6
Hexes          | 1 2 3 4 5 6 7 8 9 |  9.7
Summonings     | 1 2 3 4 5 6 7 8 9 |  9.7
Necromancy     | 1 2 3 4 5 6 7 8 9 |  9.7
Translocations | 1 2 3 4 5 6 7 8 9 |  9.7
Fire Magic     | 1 2 3 4 5 6 7 8 9 |  9.7
Ice Magic      | 1 2 3 4 5 6 7 8 9 |  9.7
Earth Magic    | 1 2 3 4 5 7 8 9 10 11 12 13 | 13.5
Alchemy        | 1 2 3 4 5 6 7 8 9 |  9.7
Dodging        | 5 6 7 8 9 10 11 12 | 12.3
Stealth        | 5 6 7 8 9 10 11 12 | 12.2
Air Magic      | 6 7 8 9 10 11 | 11.1

Action                     |  1- 3 |  4- 6 |  7- 9 | 10-12 | 13-15 | 16-18 || total
---------------------------+-------+-------+-------+-------+-------+-------++-------
  Melee: Quarterstaff      |    43 |   172 |   288 |    52 |       |       ||   555
         Bite              |     4 |    24 |    29 |    99 |   160 |    66 ||   382
         Dagger            |       |       |       |   110 |       |       ||   110
         Short sword       |       |       |       |   255 |       |       ||   255
         Halberd           |       |       |       |     3 |       |       ||     3
         Unarmed           |       |       |       |    57 |       |       ||    57
         War axe           |       |       |       |   153 |   682 |       ||   835
         Demon trident     |       |       |       |       |   194 |   477 ||   671
   Fire: Hand cannon       |       |       |       |       |    79 |       ||    79
   Cast: Shock             |    42 |    18 |    47 |    58 |     2 |       ||   167
         Airstrike         |       |       |    19 |    39 |    30 |    44 ||   132
         Swiftness         |       |       |     1 |     2 |     3 |     1 ||     7
         Call Imp          |       |       |     1 |       |       |       ||     1
         Fireball          |       |       |       |       |       |     9 ||     9
         Ozocubu's Armour  |       |       |       |       |       |     1 ||     1
 Invoke: Upheaval          |       |       |       |       |     2 |       ||     2
         Disaster Area     |       |       |       |       |     1 |     2 ||     3
Ability: Begin Untransform |       |       |       |       |     1 |       ||     1
  Evoke: Wand              |       |     4 |     9 |    12 |    23 |     4 ||    52
         Sack of spiders   |       |       |       |     2 |     4 |       ||     6
         Phantom mirror    |       |       |       |       |     1 |       ||     1
         Condenser vane    |       |       |       |       |     1 |       ||     1
    Use: Scroll            |       |     4 |     7 |    11 |     7 |     2 ||    31
         Potion            |       |       |     7 |     2 |     7 |     3 ||    19
   Stab: Sleeping          |     2 |     8 |     5 |       |       |       ||    15
         Distracted        |       |     2 |     5 |       |       |       ||     7
         Confused          |       |       |       |       |     3 |       ||     3
 Armour: Robe              |    20 |       |       |       |   230 |   136 ||   386
         Leather armour    |    13 |   124 |   146 |    26 |       |       ||   309
         Skin              |       |       |     6 |    10 |       |       ||    16
         Acid dragon scale |       |       |       |   288 |   202 |       ||   490
  Dodge: Dodged            |    37 |   159 |   198 |   317 |   598 |   238 ||  1547
         Repelled          |       |       |       |     4 |     8 |     8 ||    20
  Block: Other             |       |       |     3 |     4 |       |       ||     7
         Buckler           |       |       |       |   326 |   711 |   289 ||  1326
   Form: Beast             |       |       |       |     1 |       |       ||     1
